 Dungeon Crawl Stone Soup version 0.23-a0-607-g760965b753 (webtiles) character file.

134 Adamkad1 the Covered (level 5, -5/28 HPs)
             Began as a Vine Stalker Fighter on Dec 20, 2018.
             Killed by divine providence
             ... invoked by an orc priest
              (10 damage)
             ... on level 3 of the Dungeon.
             The game lasted 00:02:57 (1838 turns).

Adamkad1 the Covered (Vine Stalker Fighter)         Turns: 1838, Time: 00:02:58

Health: -5/28      AC:  6    Str: 19    XL:     5   Next: 17%
Magic:  0/16       EV:  7    Int:  9    God:
Gold:   135        SH:  9    Dex: 13    Spells: 6/6 levels left

rFire    . . .     SeeInvis .   a - +0 war axe
rCold    . . .     Gourm    .   c - +0 shield
rNeg     . . .     Faith    .   b - +0 scale mail
rPois    .         Spirit   +   (no helmet)
rElec    .         Reflect  .   (no cloak)
rCorr    .         Harm     .   (no gloves)
MR       +....                  (no boots)
Stlth    ..........             (no amulet)
HPRegen  0.49/turn              k - ring of protection from magic
MPRegen  0.15/turn              h - ring of magical power

@: no status effects
A: fangs 2, regeneration 1, magic shield, antimagic bite, no potion heal 3, rot
immunity
a: no special abilities


You were on level 3 of the Dungeon.
You were not hungry.

You visited 1 branch of the dungeon, and saw 3 of its levels.

You collected 135 gold pieces.

Inventory:

Hand Weapons
 a - a +0 war axe (weapon)
Armour
 b - a +0 scale mail (worn)
 c - a +0 shield (worn)
Jewellery
 h - a ring of magical power (right hand)
 k - a ring of protection from magic (left hand)
Scrolls
 e - 3 scrolls of remove curse {unknown}
 j - 2 scrolls of teleportation {unknown}
 l - a scroll of enchant weapon {unknown}
 p - a scroll of blinking {unknown}
Potions
 d - a potion of might
 g - a potion of flight {unknown}
 i - a potion of magic {unknown}
 n - a potion of ambrosia {unknown}
 o - a potion of haste {unknown}
 q - a potion of curing {unknown}
 r - a potion of mutation {unknown}
 s - a potion of heal wounds {unknown}
Comestibles
 f - 6 rations
 m - 14 chunks of flesh


   Skills:
 + Level 3.1 Fighting
 + Level 2.5 Axes
 * Level 3.5 Armour
 * Level 3.2 Shields
 * Level 1.1 Spellcasting


You had 6 spell levels left.
You didn't know any spells.
Your spell library was empty.

Dungeon Overview and Level Annotations

Branches:
Dungeon (3/15)

Altars:


Innate Abilities, Weirdness & Mutations

You have extremely sharp teeth.
Your natural rate of healing is unusually fast.
When hurt, damage is shared between your health and your magic reserves.
Your bite disrupts and absorbs the magic of your enemies.
Potions cannot restore your health.
You are immune to rotting.


Message History

The orc priest hits you but does no damage.
The orc priest hits you with a +1 short sword of electrocution.
You are electrocuted!
* * * LOW HITPOINT WARNING * * *
You block the orc's attack.
You closely miss the orc priest. You bite the orc priest. You drain its power.
You feel invigorated.
The orc priest is almost dead.
You barely miss the orc. You hit the orc. The orc closely misses you.
You block the orc's attack. You block the orc priest's attack.
Unknown command.
You barely miss the orc priest. Your bite misses the orc priest.
The orc priest is almost dead.
You hit the orc.
You kill the orc!
Your shield and scale mail prevent you from hitting the orc.
The orc priest completely misses you. You block the orc's attack.
The orc priest invokes the aid of Beogh against you.
Beogh smites you!
You die...

#......##########.. #
#......# ######..
#.#......#####.......
#.#....>.............
#........#####.###...
##......# #.# #...
#....#.#####.###..†
###.#.............#
#@.#.#.####.######
#oo†...............
#..####+#######'###
#.## #.....# ..
##..... ... ##....
###. ##... .. ##..
###+######.


You could see an orc priest and an orc.

Vanquished Creatures
  An orc wizard (D:3)
  3 adders
  An ooze (D:2)
  2 worms
  4 dart slugs
  4 orcs (D:3)
  6 bats
  A giant cockroach (D:2)
  2 goblins (D:2)
  6 hobgoblins
  9 jackals
  3 ball pythons
  4 frilled lizards
  6 kobolds
  8 rats
60 creatures vanquished.

Notes
Turn   | Place    | Note
-------+----------+-------------------------------------------
     0 | D:1      | Adamkad1 the Vine Stalker Fighter began the quest for the
                  | Orb.
     0 | D:1      | Reached XP level 1. HP: 11/11 MP: 2/2
    87 | D:1      | Reached XP level 2. HP: 12/16 MP: 3/3
   698 | D:2      | Reached XP level 3. HP: 16/19 MP: 4/4
  1251 | D:2      | Gained mutation: Your natural rate of healing is unusually
                  | fast. [Vine Stalker growth]
  1251 | D:2      | Reached XP level 4. HP: 6/24 MP: 4/6
  1750 | D:3      | Reached skill level 1 in Spellcasting
  1793 | D:3      | Reached XP level 5. HP: 16/28 MP: 7/7
  1838 | D:3      | Killed from afar by an orc priest

Vault maps used:
D:1:      minmay_arrival_shattered_statue
D:2:      chequers_serial_rivers_micro_d
D:3:      first_ration, minmay_quadrilaterals

Skill      XL: |  1  2  3  4 |
---------------+-------------+-----
Armour         | 3 |  3.5
Axes           | 2 |  2.5
Fighting       | 3 |  3.1
Shields        | 3 |  3.2
Spellcasting   | 1 |  1.1

Action                   |  1- 3 |  4- 6 || total
-------------------------+-------+-------++-------
Melee: War axe           |    99 |    59 ||   158
       Bite              |    23 |    13 ||    36
  Eat: Chunk             |     1 |     2 ||     3
Armor: Scale mail        |    38 |    41 ||    79
Dodge: Dodged            |    31 |    29 ||    60
Block: Shield            |    58 |    37 ||    95

Table legend:
 A = Non-vault XP
 B = Vault XP
 C = Vault XP percentage of total XP
 D = Non-vault monster count
 E = Vault monster count
 F = Vault count percentage of total count
                 A         B        C        D         E       F
            +---------+---------+-------+---------+---------+-------
      Total |     184 |       8 |   4.2 |      57 |       3 |   5.0
            +---------+---------+-------+---------+---------+-------
        D:1 |      23 |       0 |   0.0 |      16 |       0 |   0.0
        D:2 |      74 |       0 |   0.0 |      29 |       0 |   0.0
        D:3 |      87 |       8 |   8.4 |      12 |       3 |  20.0
            +---------+---------+-------+---------+---------+-------
